 Dungeon Crawl Stone Soup version 0.28-a0-706-gf6f64a616a (webtiles) character file.

Game seed: 6167791627155951911

182 KoroneIsBestGirl the Chiller (level 5, -1/35 HPs)
             Began as a Barachi Ice Elementalist on Oct 24, 2021.
             Was a Priest of Cheibriados.
             Slain by a phantom (7 damage)
             ... on level 3 of the Dungeon.
             The game lasted 00:04:19 (4383 turns).

KoroneIsBestGirl the Chiller (BaIE)                 Turns: 4383, Time: 00:04:19

Health: -1/35      AC:  2    Str: 17    XL:     5   Next: 62%
Magic:  10/11      EV: 14    Int: 23    God:    Cheibriados [***...]
Gold:   108        SH:  0    Dex: 19    Spells: 7/11 levels left

rFire   . . .      SeeInvis .   g - +2 dagger (venom)
rCold   . . .      Faith    .   (no shield)
rNeg    . . .      Spirit   .   a - +0 robe
rPois   .          Reflect  .   (helmet restricted)
rElec   .          Harm     .   (no cloak)
rCorr   .          Rampage  .   (no gloves)
Will    .....                   (no boots)
Stlth   ++........              (no amulet)
HPRegen 0.11/turn               (no ring)
MPRegen 0.12/turn               (no ring)

@: attractive, very slow
A: amphibious, slowness 1, strong legs 1, +LOS, antennae 1, high mp 1
a: Hop, Renounce Religion, Bend Time, Temporal Distortion


You were on level 3 of the Dungeon.
You worshipped Cheibriados.
Cheibriados was most pleased with you.
You visited 1 branch of the dungeon, and saw 4 of its levels.

You collected 108 gold pieces.

Inventory:

Hand Weapons
 g - a +2 dagger of venom (weapon)
Armour
 a - a +0 robe (worn)
 d - a +0 helmet
Scrolls
 e - 3 scrolls of identify
 f - 2 scrolls of teleportation
 h - a scroll of blinking
 j - a scroll of summoning {unknown}
Potions
 b - a potion of curing


   Skills:
 + Level 4.0 Dodging
 - Level 1.7 Stealth
 + Level 3.7 Spellcasting
 + Level 6.1 Ice Magic


You had 7 spell levels left.
You knew the following spells:

 Your Spells              Type           Power      Damage    Failure   Level
a - Freeze                Ice            100%       1d11      1%          1
b - Frozen Ramparts       Ice            64%        1d8       2%          3

Your spell library contained the following spells:

 Spells                   Type           Power      Damage    Failure   Level
 Ozocubu's Armour         Ice            32%        N/A       2%          3
 Hailstorm                Conj/Ice       18%        3d6       30%         4


Dungeon Overview and Level Annotations

Branches:
Dungeon (4/15)
 Temple: D:4-7

Altars:
Cheibriados
Wu Jian


Innate Abilities, Weirdness & Mutations

You are amphibious.
You cover ground slowly.
You can hop short distances.
You have an extended range of vision and can be seen from far away.
You have a pair of small antennae on your head.
You have an increased reservoir of magic. (+10% MP)


Message History

You are too injured to fight recklessly!
You are too injured to fight recklessly!
You are too injured to fight recklessly!
You are too injured to fight recklessly!
You are too injured to fight recklessly!
You are too injured to fight recklessly!
You are too injured to fight recklessly!
You are too injured to fight recklessly!
You are too injured to fight recklessly!
You are too injured to fight recklessly!
You are too injured to fight recklessly!
You are too injured to fight recklessly!
You are too injured to fight recklessly!
You are too injured to fight recklessly!
You are too injured to fight recklessly!
You are too injured to fight recklessly!
You are too injured to fight recklessly!
You are too injured to fight recklessly!
You are too injured to fight recklessly!
You are too injured to fight recklessly!
It was a potion of curing.
You feel better.
The phantom hits you but does no damage.
It was a potion of mutation.
You feel extremely strange. A pair of antennae grows on your head!
You feel more energetic. The phantom closely misses you.
It was a potion of attraction.
You feel attractive to monsters. The phantom hits you.
The phantom blinks!
You blink.
You hit the phantom.
The phantom is severely damaged.
The phantom misses you.
You hit the phantom.
The phantom is severely damaged.
The phantom hits you.
* * * LOW HITPOINT WARNING * * *
The phantom blinks!
You blink.
You hit the phantom.
The phantom is almost destroyed.
The phantom hits you!
You die...

# #.######## #P♣#♣≈♣ # #.#
#≈♣♣≈♣# ###########.##
##≈≈♣#♣ ............<#
###'##♣≈ ###########..####
#....### # #.......>#
###.##.# # #.##.>.#.#######
#.....
########.#.......W....#
####.#
.......)()......@####.#
#...# #######.##.....#.# #.#
#.### #.............##.#
#.### #.#
#.#####.###..###.## #...#
#.# #.# #.# #..##...#####.#
#.# #.# #.# #..#.....####.#
#.# #.# ##.###...........#.#
#.# ..#
##...##..#.....##.#.#####.##
###
#..#.....##...###<#........#


You could see a phantom.

Vanquished Creatures
  Jessica (D:3)
  An orc wizard (D:3)
  5 adders
  An adder skeleton (D:4)
  A worm (D:2)
  2 dart slugs (D:1)
  4 orcs (D:3)
  4 endoplasms
  3 giant cockroaches
  9 goblins
  4 hobgoblins
  3 jackals
  8 quokkas
  6 ball pythons
  3 bats
  3 frilled lizards
  6 kobolds
  6 rats
70 creatures vanquished.

Vanquished Creatures (others)
  2 fungi (D:1)
  A plant (D:3)
3 creatures vanquished.

Grand Total: 73 creatures vanquished

Notes
Turn   | Place    | Note
-------+----------+-------------------------------------------
     0 | D:1      | KoroneIsBestGirl the Barachi Ice Elementalist began the
                  | quest for the Orb.
     0 | D:1      | Reached XP level 1. HP: 13/13 MP: 3/3
   100 | D:1      | Found a faded altar of an unknown god.
   123 | D:1      | Prayed at the altar of an unknown god.
   123 | D:1      | Became a worshipper of Cheibriados the Contemplative
   123 | D:1      | Reached * piety under Cheibriados
   378 | D:1      | Reached skill level 5 in Ice Magic
   378 | D:1      | Reached XP level 2. HP: 4/19 MP: 1/5
  1262 | D:1      | Reached XP level 3. HP: 23/24 MP: 4/7
  1602 | D:1      | Reached ** piety under Cheibriados
  2281 | D:2      | Learned a level 3 spell: Frozen Ramparts
  2326 | D:2      | Found an ornate altar of the Wu Jian Council.
  2351 | D:2      | Reached XP level 4. HP: 8/30 MP: 0/8
  3272 | D:3      | Noticed Jessica
  3280 | D:3      | Killed Jessica
  3281 | D:3      | Reached XP level 5. HP: 35/35 MP: 5/10
  3336 | D:3      | Reached *** piety under Cheibriados
  3633 | D:3      | Reached skill level 6 in Ice Magic
  4360 | D:4      | Noticed a phantom
  4379 | D:3      | Gained mutation: You have a pair of small antennae on your
                  | head. [potion of mutation]
  4379 | D:3      | Gained mutation: You have an increased reservoir of magic.
                  | (+10% MP) [potion of mutation]
  4383 | D:3      | Slain by a phantom

Illustrated notes

Levels and vault maps discovered:
D:1:      ncdulo_smallfort, layout_loops_corners,
          shapermc_ecumenical_altar_ellora
D:2:      layout_basic, basic_altar
D:3:      minmay_evil_eye, layout_loops_ring, saegor_snake_ambush, uniq_jessica
D:4:      layout_basic, makhleb_blood_cavern_becter, uniq_pikel, uniq_grinder

Skill      XL: |  1  2  3  4  5 |
---------------+----------------+-----
Ice Magic      | 5 6 |  6.1
Dodging        | 3 4 |  4.0
Spellcasting   | 3 |  3.7
Stealth        | |  1.7

Action                   |  1- 3 |  4- 6 || total
-------------------------+-------+-------++-------
Melee: Unarmed           |    25 |     5 ||    30
       Dagger            |    19 |    25 ||    44
 Cast: Freeze            |    45 |    37 ||    82
       Frozen Ramparts   |     1 |     1 ||     2
 Abil: Hop               |     1 |       ||     1
  Use: Scroll            |     2 |     1 ||     3
       Potion            |       |     3 ||     3
 Stab: Sleeping          |       |     1 ||     1
Armor: Robe              |    10 |     9 ||    19
Dodge: Dodged            |    70 |    53 ||   123

Table legend: (Time is in decaauts)
 A = Elapsed time spent in this place.
 B = Non-inter-level travel time spent in this place.
 C = Inter-level travel time spent in this place.
 D = Time resting spent in this place.
 E = Time spent auto-exploring this place.
 F = Levels seen in this place.
 G = Mean time per level.
                   A        B        C        D        E       F      G
               +--------+--------+--------+--------+--------+-----+--------+
         Total |   6039 |   5899 |    140 |      0 |   5261 |   4 | 1509.8 |
       Dungeon |   6039 |   5899 |    140 |      0 |   5261 |   4 | 1509.8 |
               +--------+--------+--------+--------+--------+-----+--------+

Top non-repeatable levels by time:
     D:1: 2393 daAuts
     D:3: 1817 daAuts
     D:2: 1754 daAuts
     D:4: 74 daAuts
